 Dungeon Crawl Stone Soup version 0.16-a0-3338-g714714c (webtiles) character file.

439 Miyamura the Ducker (level 7, -2/48 HPs)
             Began as an Octopode Transmuter on Dec 28, 2014.
             Blown up by an orc (22 damage)
             ... with a wand of disintegration
             ... on level 5 of the Dungeon.
             The game lasted 00:21:47 (6171 turns).

Miyamura the Ducker (Octopode Transmuter)           Turns: 6171, Time: 00:21:47

Health: -2/48      AC:  1    Str:  9    XL:     7   Next: 1%
Magic:  11/12      EV: 14    Int: 17    God:
Gold:   192        SH:  0    Dex: 13    Spells: 1 memorised, 10 levels left

rFire  . . .     SeeInvis .     t - +2 whip (drain)
rCold  . . .     Clarity  .     (no shield)
rNeg   + + .     SustAb   .     (helmet restricted)
rPois  +         Gourm    .     (no amulet)
rElec  .         Spirit   .     f - ring of stealth
rCorr  .         Warding  .     c - ring of poison resistance
rMut   .         Stasis   .     n - ring of positive energy
MR     .....                    s - ring of positive energy
Stlth  +++++.....               (no ring)
                                (no ring)
                                (no ring)
                                (no ring)

@: appendage (expiring), not resistant to hostile enchantments, quite stealthy
A: almost no armour, amphibious, 8 rings, constrict 8, tentacle spike 3,
camouflage 1, gelatinous body 1
a: End Transformation


You were on level 5 of the Dungeon.
You were near starving.
One of your tentacles had a temporary spike.
You visited 1 branch of the dungeon, and saw 5 of its levels.

You collected 192 gold pieces.

Inventory:

Hand weapons
 t - a +2 whip of draining (weapon)
 v - a +0 falchion of flaming
Missiles
 b - 12 arrows
Jewellery
 c - a ring of poison resistance (right tentacle)
 f - a ring of stealth (left tentacle)
 n - a ring of positive energy (on tentacle)
 q - a cursed ring of loudness {unknown}
 s - a ring of positive energy (on tentacle)
Scrolls
 e - a scroll of fog
 h - 5 scrolls of remove curse
Potions
 g - a potion of invisibility
 i - a potion of ambrosia
 j - 2 potions of heal wounds
 l - 3 potions of might
 o - a potion of haste {unknown}
 p - 2 potions of resistance {unknown}
 r - a potion of curing {unknown}
Books
 d - a book of Changes

   Spells                             Type                      Level
   a - Beastly Appendage              Transmutation                1
   b - Sticks to Snakes               Transmutation                2
   c - Spider Form                    Transmutation/Poison         3
   d - Ice Form                       Ice/Transmutation            4
   e - Blade Hands                    Transmutation                5
Comestibles
 a - 5 bread rations
 k - 4 meat rations
 m - 2 beef jerkies


   Skills:
 * Level 4.1 Fighting
 * Level 4.4 Dodging
 + Level 3.6 Stealth
 - Level 3.0 Unarmed Combat
 - Level 2.5 Spellcasting
 - Level 2.8 Transmutations


You had 10 spell levels left.
You knew the following spells:

 Your Spells              Type           Power        Failure   Level  Hunger
a - Beastly Appendage     Trmt           ##....       6%          1    #......


Dungeon Overview and Level Annotations

Branches:
Dungeon (5/15)
 Temple: D:4-7

Altars:
Cheibriados
Fedhas
Makhleb
Trog
Vehumet
Xom
Zin

Annotations:
D:4 Natasha
D:5 Pikel


Innate Abilities, Weirdness & Mutations

You cannot wear most types of armour.
You are amphibious.
You can wear up to eight rings at the same time.
You can use your tentacles to constrict many enemies at once.
Your skin changes colour to match your surroundings (Stealth).
Your rubbery body absorbs attacks (AC +1).
One of your tentacles bears a large vicious spike.


Message History

One of your tentacles grows a vicious spike.
The orc zaps a wand.
You are blasted!
The orc zaps a wand.
You are blasted!
The orc misses you.
You hit the orc but do no damage. Your grab misses the orc.
The orc zaps a wand.
You struggle to resist.
You hit the orc but do no damage. You drain the orc! Your grab misses the orc.
The orc is moderately wounded.
Your transformation is almost over.
The orc closely misses you.
You hit the orc but do no damage. Your grab misses the orc.
You pierce the orc, but do no damage.
The orc is lightly wounded.
The orc zaps a wand.
You are blasted!
You hit the orc. You drain the orc! You grab the orc.
You pierce the orc, but do no damage.
The orc is severely wounded.
You constrict the orc, but do no damage.
The orc zaps a wand.
You are blasted!
You die...

# # #####
#.o.#
#@#.#
#.#.#
#<#.# ###
###.# ..#
#.# #.#
#o# #.#
#.# #.#
#.#
#.######(#


You could see an orc.

Vanquished Creatures
  2 hounds
  2 giant frog skeletons (D:4)
  2 orc priests
  An orc wizard (D:5)
  Natasha (D:4)
  3 worker ants (D:4)
  3 adders
  2 giant mites
  A worm (D:2)
  3 giant geckos
  An ooze (D:1)
  2 orcs (D:4)
  A bat skeleton (D:3)
  2 giant cockroaches
  11 goblins
  10 hobgoblins
  12 kobolds
  2 quokkas
  19 bats
  A giant gecko skeleton (D:4)
  7 giant newts
  2 jackals
  7 rats
97 creatures vanquished.

Notes
Turn   | Place    | Note
--------------------------------------------------------------
     0 | D:1      | Miyamura, the Octopode Transmuter, began the quest for the Orb.
     0 | D:1      | Reached XP level 1. HP: 13/13 MP: 3/3
   134 | D:1      | Reached XP level 2. HP: 16/18 MP: 2/4
   866 | D:1      | Reached XP level 3. HP: 24/24 MP: 6/6
  1294 | D:2      | Reached skill level 1 in Stealth
  1770 | D:2      | Reached XP level 4. HP: 21/29 MP: 6/8
  2212 | D:3      | Found a shimmering altar of Xom.
  2320 | D:3      | Found a blossoming altar of Fedhas.
  2354 | D:3      | HP: 1/29 [worm (12)]
  3091 | D:3      | Found a burning altar of Makhleb.
  3100 | D:3      | Reached XP level 5. HP: 18/35 MP: 7/9
  3381 | D:4      | Noticed an ogre
  3663 | D:4      | Noticed an ogre
  3680 | D:5      | Entered Level 5 of the Dungeon
  3733 | D:5      | Found a radiant altar of Vehumet.
  3777 | D:5      | Noticed a phantom
  3793 | D:5      | Upgraded the game from 0.16-a0-3326-gb44eaf1 to 0.16-a0-3338-g714714c
  3802 | D:5      | Found a bloodstained altar of Trog.
  3802 | D:5      | Noticed Pikel
  3802 | D:5      | Noticed a slave
  3802 | D:5      | Noticed a slave
  3802 | D:5      | Noticed a slave
  3803 | D:5      | Noticed a slave
  4390 | D:4      | Reached XP level 6. HP: 36/42 MP: 8/11
  4817 | D:4      | Found a glowing silver altar of Zin.
  4817 | D:4      | Noticed Natasha
  4818 | D:4      | Found a snail-covered altar of Cheibriados.
  4823 | D:4      | Killed Natasha
  4890 | D:4      | Reached skill level 4 in Dodging
  5462 | D:4      | Noticed Natasha
  5899 | D:5      | Reached XP level 7. HP: 26/48 MP: 12/12
  6171 | D:5      | Blown up by an orc

Action                   |  1- 3 |  4- 6 |  7- 9 || total
-------------------------+-------+-------+-------++-------
Melee: Unarmed           |    73 |   110 |       ||   183
       Falchion          |       |    27 |       ||    27
       Whip              |       |     5 |     4 ||     9
 Cast: Beastly Appendage |    21 |    28 |     1 ||    50
  Use: Scroll            |    10 |     4 |       ||    14
       Potion            |       |     1 |       ||     1
 Stab: Sleeping          |     4 |    19 |       ||    23
  Eat: Chunk             |     3 |    12 |       ||    15
